 Dungeon Crawl Stone Soup version 0.26.0-7-g794d0892b4 (webtiles) character file.

Game seed: 3429696663272855410

136 Zdeegee the Shield-Bearer (level 4, 0/41 HPs)
             Began as a Minotaur Fighter on Jan 11, 2021.
             Slain by Grinder (5 damage)
             ... while paralysed by Grinder
             ... on level 3 of the Dungeon.
             The game lasted 00:02:20 (2910 turns).

Zdeegee the Shield-Bearer (Minotaur Fighter)        Turns: 2910, Time: 00:02:21

Health: 0/41       AC:  7    Str: 22    XL:     4   Next: 98%
Magic:  3/3        EV:  2    Int:  5    God:
Gold:   208        SH:  0    Dex:  9    Spells: 3/3 levels left

rFire    . . .     SeeInvis .   a - +0 war axe
rCold    . . .     Faith    .   c - +0 kite shield
rNeg     . . .     Spirit   .   b - +0 scale mail
rPois    .         Reflect  .   (helmet restricted)
rElec    .         Harm     .   (no cloak)
rCorr    .         Rampage  .   (no gloves)
Will     .....                  (no boots)
Stlth    ..........             (no amulet)
HPRegen  0.13/turn              (no ring)
MPRegen  0.08/turn              (no ring)

@: paralysed
A: retaliatory headbutt, horns 2
a: no special abilities


You were on level 3 of the Dungeon.
You visited 1 branch of the dungeon, and saw 3 of its levels.

You collected 208 gold pieces.

Inventory:

Hand Weapons
 a - a +0 war axe (weapon)
Missiles
 j - 19 bolts
Armour
 b - a +0 scale mail (worn)
 c - a +0 kite shield (worn)
Jewellery
 e - an uncursed ring of resist corrosion {unknown}
Wands
 n - a wand of paralysis (7)
Scrolls
 f - a scroll of teleportation {unknown}
 h - a scroll of random uselessness {unknown}
 i - a scroll of enchant armour {unknown}
 k - 2 scrolls of identify {unknown}
 o - a scroll of magic mapping {unknown}
 p - a scroll of remove curse {unknown}
Potions
 d - a potion of might
 g - 3 potions of curing {unknown}
 l - a potion of degeneration {unknown}
 m - 2 potions of brilliance {unknown}


   Skills:
 + Level 4.3 Fighting
 + Level 3.9 Axes
 + Level 4.5 Armour
 + Level 0.6 Dodging
 + Level 0.1 Stealth
 + Level 4.6 Shields


You had 3 spell levels left.
You didn't know any spells.
Your spell library was empty.

Dungeon Overview and Level Annotations

Branches:
Dungeon (3/15)

Altars:
Zin

Annotations:
D:3 2 runed translucent doors, Grinder; dolemite99's ghost, weakling GnIE


Innate Abilities, Weirdness & Mutations

You reflexively headbutt those who attack you in melee.
You have a pair of horns on your head.


Message History

You slash Grinder! Your headbutt misses Grinder.
Grinder is moderately wounded.
You block Grinder's attack. x2
Unknown command.
You slash Grinder! Your headbutt misses Grinder.
Grinder is heavily wounded.
Grinder hits you but does no damage.
Unknown command.
You closely miss Grinder.
Grinder is heavily wounded.
Grinder gestures at you.
You suddenly lose the ability to move!
Grinder hits you!
You writhe in agony.
* * * LOW HITPOINT WARNING * * *
Grinder hits you.
* * * LOW HITPOINT WARNING * * *
You writhe in agony.
* * * LOW HITPOINT WARNING * * *
Grinder hits you.
You die...

####. ### ... ..
... .. # ... .
#.#.#.##
###.#.#..
#....5.#
###.#.#@##
.........#
#####.#.##
#.....# ##.#.##
### #.....# ####
###≈# ##.#.##
###⌠.# #.#.≈
#.....####....#
#...
###.#.#...#....#
##≈≈#


You could see Grinder.

Vanquished Creatures
  Jessica (D:2)
  2 adders (D:2)
  A dart slug (D:1)
  4 leopard geckos
  4 orcs (D:3)
  4 bats (D:1)
  4 giant cockroaches
  19 goblins
  8 hobgoblins
  7 jackals
  2 quokkas (D:2)
  A ball python (D:2)
  6 frilled lizards
  7 kobolds
  3 rats
73 creatures vanquished.

Notes
Turn   | Place    | Note
-------+----------+-------------------------------------------
     0 | D:1      | Zdeegee the Minotaur Fighter began the quest for the Orb.
     0 | D:1      | Reached XP level 1. HP: 19/19 MP: 0/0
   217 | D:1      | Reached XP level 2. HP: 27/27 MP: 1/1
   761 | D:1      | Reached XP level 3. HP: 30/33 MP: 2/2
  1434 | D:2      | Reached XP level 4. HP: 40/40 MP: 3/3
  1932 | D:2      | Found a glowing silver altar of Zin.
  2234 | D:2      | Noticed Jessica
  2240 | D:2      | Killed Jessica
  2787 | D:3      | Found a large runed translucent door.
  2787 | D:3      | Found a large runed translucent door.
  2791 | D:3      | Noticed dolemite99's ghost (weakling GnIE)
  2895 | D:3      | Noticed Grinder
  2902 | D:3      | Paralysed by Grinder for 2 turns
  2907 | D:3      | Paralysed by Grinder for 5 turns
  2910 | D:3      | Slain by Grinder

Illustrated notes

Levels and vault maps discovered:
D:1:      co_arrival_random_square_maze, layout_loops_ring,
          kennysheep_minor_cross, hangedman_feature_mirror
D:2:      cheibrodos_greedy_goblins, layout_basic, zin_treasury, uniq_jessica
D:3:      layout_loops_ring, lemuel_coloured_pillars_altar,
          ebering_ghost_disaster_area, kennysheep_crisscross,
          kennysheep_nondescript, st_stairs_13, lemuel_flame_loot_1,
          uniq_grinder, uniq_sigmund

Skill      XL: |  1  2  3 |
---------------+----------+-----
Shields        | 4 |  4.6
Armour         | 4 |  4.5
Fighting       | 4 |  4.3
Axes           | 3 |  3.9
Dodging        | |  0.6
Stealth        | |  0.1

Action                   |  1- 3 |  4- 6 || total
-------------------------+-------+-------++-------
Melee: War axe           |   112 |    54 ||   166
       Headbutt          |    15 |     4 ||    19
Armor: Scale mail        |    47 |    28 ||    75
Dodge: Dodged            |    37 |    20 ||    57
Block: Kite shield       |    57 |    22 ||    79
